 Dungeon Sprint DCSS version 0.17.1-2-g5865329 (webtiles) character file.

26 hexophile the Skirmisher (level 3, 0/36 HPs)
             Began as a Ghoul Fighter on Jan 27, 2016.
             Slain by a worker ant (5 damage)
             ... in the Dungeon (Sprint IX: "|||||||||||||||||||||||||||||").
             The game lasted 00:00:23 (51 turns).

hexophile the Skirmisher (Ghoul Fighter)              Turns: 51, Time: 00:00:23

Health: 0/36       AC:  6    Str: 20    XL:     3   Next: 8%
Magic:  2/2        EV:  7    Int:  3    God:
Gold:   0          SH:  8    Dex:  8    Spells: 0 memorised, 2 levels left

rFire  . . .     SeeInvis .     a - +0 long sword
rCold  + . .     Clarity  .     b - +0 scale mail
rNeg   + + +     SustAt   .     c - +0 shield
rPois  ∞         Gourm    .     (no helmet)
rElec  .         Spirit   .     (no cloak)
rCorr  .         Warding  .     (no gloves)
rMut   .         NoTele   +     (no boots)
MR     .....                    (no amulet)
Stlth  ..........               (no ring)
                                (no ring)

@: rotting, not resistant to hostile enchantments, extremely unstealthy
A: rotting body, claws 1, carnivore 3, cold resistance 1, negative energy
resistance 3, slow regeneration 1, torment resistance, unbreathing
a: no special abilities


You were in the Dungeon.
You were not hungry.

You visited 1 branch


Innate Abilities, Weirdness & Mutations

Your body is rotting away.
You thrive on raw meat.
You are immune to poison.
You have sharp fingernails.
You are carnivorous and can eat meat at any time.
Your flesh is cold resistant.
You are immune to negative energy.
You regenerate slowly when monsters are visible.
You are immune to unholy pain and torment.
You can survive without breathing.

Inventory:

Hand Weapons
 a - a +0 long sword (weapon)
Armour
 b - a +0 scale mail (worn)
 c - a +0 shield (worn)
Scrolls
 k - a scroll of blinking
Potions
 d - a potion of might {Str+5 DMG+1d10}
 g - a potion of heal wounds
 h - a potion of haste
 i - 2 potions of magic
 j - a potion of berserk rage
Comestibles
 e - a meat ration


You had 2 spell levels left.
You didn't know any spells.


   Skills:
 * Level 5.5 Fighting
 * Level 4.1 Long Blades
 - Level 2.6 Armour
 - Level 2.6 Shields

Dungeon Overview and Level Annotations

Branches:
Dungeon (1/1)

Altars:

Vault maps used:
D:        linesprint
You       could see a worker ant.


Message History

You hit the worker ant.
The worker ant is lightly wounded.
You block the worker ant's attack.
The worker ant bites you but does no damage.
You closely miss the worker ant.
The worker ant is lightly wounded.
The worker ant bites you.
* * * LOW HITPOINT WARNING * * *
You lost 5 HP.
You have now: 7/36 HP.
You hit the worker ant.
The worker ant is heavily wounded.
The worker ant bites you but does no damage.
You block the worker ant's attack.
You barely miss the worker ant.
The worker ant is heavily wounded.
The worker ant bites you but does no damage.
You hit the worker ant but do no damage.
The worker ant is heavily wounded.
You block the worker ant's attack. x2
You barely miss the worker ant.
The worker ant is heavily wounded.
The worker ant bites you but does no damage.
You closely miss the worker ant.
The worker ant is heavily wounded.
The worker ant barely misses you. You block the worker ant's attack.
You hit the worker ant.
The worker ant is severely wounded.
You block the worker ant's attack.
You closely miss the worker ant.
The worker ant is severely wounded.
The worker ant barely misses you. The worker ant bites you.
* * * LOW HITPOINT WARNING * * *
You lost 5 HP.
You have now: 2/36 HP.
Unknown command.
Drink which item? (? for menu, Esc to quit)
You feel better.
The worker ant bites you but does no damage.
Restored 5 HP.
You have now: 7/36 HP.
You closely miss the worker ant.
The worker ant is severely wounded.
The worker ant bites you.
* * * LOW HITPOINT WARNING * * *
You barely miss the worker ant.
The worker ant is severely wounded.
The worker ant bites you but does no damage. x2
You lost 2 HP.
You have now: 5/36 HP.
You closely miss the worker ant.
The worker ant is severely wounded.
The worker ant bites you.
You die...

Action                   || total
-------------------------++-------
Melee: Long sword        ||    39
  Use: Potion            ||     1

Notes
Turn   | Place    | Note
--------------------------------------------------------------
     0 | D        | hexophile the Ghoul Fighter began the quest for the Orb.
     0 | D        | Reached XP level 1. HP: 19/19 MP: 0/0
     5 | D        | Reached skill level 2 in Long Blades
    15 | D        | Reached skill level 4 in Fighting
    22 | D        | Noticed a worker ant
    25 | D        | Reached skill level 3 in Long Blades
    25 | D        | Reached XP level 2. HP: 22/28 MP: 1/1
    31 | D        | Reached skill level 5 in Fighting
    37 | D        | Reached skill level 4 in Long Blades
    37 | D        | Reached XP level 3. HP: 17/36 MP: 2/2
    51 | D        | Slain by a worker ant

Table legend:
 A = Turns spent in this place as a percentage of turns spent in the entire game.
 B = Non-inter-level travel turns spent in this place as a percentage of non-inter-level travel turns spent in the entire game.
 C = Inter-level travel turns spent in this place as a percentage of turns spent in this place.
 D = Turns resting spent in this place as a percentage of non-inter-level travel turns spent in this place.
 E = Turns spent auto-exploring this place as a percentage of non-inter-level travel turns spent in this place.
 F = Non-inter-level travel turns spent in this place divided by the number of levels of this place that you've seen.
                   A       B       C       D       E      F
               +-------+-------+-------+-------+-------+----------------------
         Total | 100.0 | 100.0 |   0.0 |   0.0 |   0.0 |  59.0
       Dungeon | 100.0 | 100.0 |   0.0 |   0.0 |   0.0 |  59.0
               +-------+-------+-------+-------+-------+----------------------

Table legend:
 A = Kills in this place as a percentage of kills in entire the game.
 B = Kills by you in this place as a percentage of kills by you in the entire game.
 C = Kills by friends in this place as a percentage of kills by friends in the entire game.
 D = Other kills in this place as a percentage of other kills in the entire game.
 E = Experience gained in this place as a percentage of experience gained in the entire game.
 F = Experience gained in this place divided by the number of levels of this place that you have seen.
                   A       B       C       D       E      F
               +-------+-------+-------+-------+-------+----------------------
         Total | 100.0 | 100.0 |  -nan |  -nan | 100.0 |  38.0
       Dungeon | 100.0 | 100.0 |  -nan |  -nan | 100.0 |  38.0
               +-------+-------+-------+-------+-------+----------------------

Vanquished Creatures
  2 adders (D)
  An adder skeleton (D)
  An orc (D)
  2 hobgoblins (D)
  A bat (D)
  2 rats (D)
9 creatures vanquished.
